 Dungeon Crawl Stone Soup version 0.28-a0-1565-g95a8017c83 (webtiles) character file.

Game seed: 6073929720904122517

96 sanka the Martial Artist (level 4, 0/38 HPs)
             Began as a Gnoll Wanderer on Jan 19, 2022.
             Slain by a phantom (9 damage)
             ... on level 4 of the Dungeon.
             The game lasted 00:02:58 (3270 turns).

sanka the Martial Artist (Gnoll Wanderer)           Turns: 3270, Time: 00:02:59

Health: 0/38       AC:  2    Str:  9    XL:     4   Next: 67%
Magic:  5/5        EV:  9    Int: 10    God:
Gold:   233        SH:  0    Dex: 17    Spells: 0/5 levels left

rFire   . . .      SeeInvis .     - Unarmed
rCold   . . .      Faith    .   (no shield)
rNeg    + . .      Spirit   .   e - +0 robe
rPois   .          Reflect  .   (no helmet)
rElec   .          Harm     .   j - scarf {+Inv}
rCorr   .          Rampage  .   (no gloves)
Will    .....                   (no boots)
Stlth   ++........              k - amulet of magic regeneration
HPRegen 0.12/turn               (no ring)
MPRegen 0.49/turn               i - ring of positive energy

@: lethally poisoned (0 -> -11), constricted
A: fangs 1, strong nose, distributed training
a: Evoke Invisibility


You were on level 4 of the Dungeon.
You visited 1 branch of the dungeon, and saw 4 of its levels.

You collected 233 gold pieces.


Innate Abilities, Weirdness & Mutations

You have very sharp teeth.
Your uncanny sense of smell can sniff out nearby items.
Your experience applies equally to all skills.


   Skills:
 + Level 4.7 Fighting
 + Level 1.2 Short Blades
 + Level 1.2 Long Blades
 + Level 1.2 Axes
 + Level 1.2 Maces & Flails
 + Level 1.2 Polearms
 + Level 1.2 Staves
 + Level 1.2 Slings
 + Level 1.2 Bows
 + Level 1.2 Crossbows
 + Level 2.8 Throwing
 + Level 1.2 Armour
 + Level 1.2 Dodging
 + Level 1.2 Stealth
 + Level 1.2 Shields
 + Level 10.5 Unarmed Combat
 + Level 1.2 Spellcasting
 + Level 1.0 Conjurations
 + Level 1.0 Hexes
 + Level 1.0 Summonings
 + Level 1.0 Necromancy
 + Level 1.0 Translocations
 + Level 1.0 Transmutations
 + Level 1.0 Fire Magic
 + Level 1.0 Ice Magic
 + Level 1.0 Air Magic
 + Level 1.0 Earth Magic
 + Level 1.0 Poison Magic
 + Level 1.3 Invocations
 + Level 4.7 Evocations


You couldn't memorise any spells.
You knew the following spells:

 Your Spells              Type           Power      Damage    Failure   Level
a - Ozocubu's Armour      Ice            2%         N/A       54%         3
y - Wereblood             Tmut           2%         N/A       32%         2

Your spell library contained the following spells:

 Spells                   Type           Power      Damage    Failure   Level
 Blink                    Tloc           4%         N/A       32%         2
 Sublimation of Blood     Necr           2%         N/A       32%         2
 Lesser Beckoning         Tloc           2%         N/A       54%         3
 Tukima's Dance           Hex            2%         N/A       54%         3
 Passage of Golubria      Tloc           2%         N/A       91%         4
 Manifold Assault         Tloc           2%         N/A       99%         5
 Metabolic Englaciation   Hex/Ice        1%         N/A       99%         5
 Yara's Violent Unravell  Hex/Tmut       1%         3d3       99%         5
 Simulacrum               Ice/Necr       1%         N/A       100%        6
 Summon Hydra             Summ           1%         N/A       100%        7

Inventory:

Hand Weapons
 a - a +0 dagger
Armour
 e - a +0 robe (worn)
 j - a scarf of invisibility (worn)
Jewellery
 i - a ring of positive energy (right hand)
 k - an amulet of magic regeneration (around neck)
 s - a ring of resist corrosion
Wands
 n - a wand of iceblast (2)
Scrolls
 f - a scroll of fear
 h - a scroll of noise {unknown}
 l - 2 scrolls of identify {unknown}
 m - 2 scrolls of fog {unknown}
 o - a scroll of blinking {unknown}
 p - a scroll of immolation {unknown}
 r - a scroll of amnesia {unknown}
Potions
 b - a potion of heal wounds {@q2}
 c - 2 potions of attraction {!q}
 d - a potion of curing {@q1}
 g - 2 potions of brilliance {unknown}
 q - a potion of might {unknown}
 t - a potion of flight {unknown}

Dungeon Overview and Level Annotations

Branches:
Dungeon (4/15)
 Temple: D:4-7

Altars:
Dithmenos
Elyvilon
Gozag
Uskayaw

... ..▒▒ ▒.. ... ..▒▒ ▒.▒ ▒▒▒
▒.▒▒ ▒..▒ .▒▒.▒ ▒▒.▒ ▒...▒▒..▒▒
▒▒.▒▒.▒ ...▒ ▒...h▒£..▒ ▒▒...▒▒)▒
▒▒.▒ ▒....▒...▒ ▒.... ▒▒.▒▒▒▒▒
▒▒▒▒ ▒(......h▒▒ .... ▒......▒
...▒ ▒▒▒▒▒▒..BK▒▒..▒ ▒......▒
▒▒▒▒ . ▒.hSg▒...▒ ▒......▒
....▒▒▒▒..sW▒...▒ ▒......▒
..............#.....▒......▒
▒▒▒▒▒▒▒▒▒▒▒▒▒▒.▒▒▒▒▒▒▒▒▒▒▒..▒▒▒▒▒
........▒ ▒......▒.▒▒.....▒▒▒▒▒
▒.....▒▒▒▒▒▒▒........▒...........
.................................
.†▒▒▒▒▒▒▒▒▒▒▒....................
▒▒▒ ▒......▒▒▒......▒▒▒▒▒


You could see a phantom, a black bear, a scorpion, a jackal, a giant cockroach,
a ball python and a kobold.


Message History

You bite the phantom, but do no damage.
The phantom is heavily damaged.
The phantom hits you.
* * * LOW HITPOINT WARNING * * *
The giant cockroach completely misses you.
The ball python bites you.
* * * LOW HITPOINT WARNING * * *
The ball python barely misses you.
You punch the phantom!
The phantom is almost destroyed.
The giant cockroach bites you but does no damage.
The kobold misses you. The phantom misses you. The scorpion stings you.
* * * LOW HITPOINT WARNING * * *
You are lethally poisoned!
The scorpion poisons you! The ball python closely misses you.
The ball python grabs you. The ball python constricts you.
You hit the phantom but do no damage.
You punch the phantom, but do no damage.
The phantom is almost destroyed.
* * * LOW HITPOINT WARNING * * *
You feel very sick. The giant cockroach bites you.
* * * LOW HITPOINT WARNING * * *
The kobold closely misses you. The phantom hits you!
You die...

Action                   |  1- 3 |  4- 6 || total
-------------------------+-------+-------++-------
Melee: Unarmed           |    78 |    64 ||   142
       Punch             |     7 |     2 ||     9
       Bite              |     3 |     5 ||     8
 Stab: Sleeping          |     2 |     1 ||     3
Armor: Robe              |    10 |     6 ||    16
Dodge: Dodged            |    32 |    42 ||    74

Levels and vault maps discovered:
D:1:      dpeg_arrival_shrine, layout_basic, minmay_bisected
D:2:      layout_loops_ring
D:3:      layout_rooms, grunt_gozag_breadcrumbs
D:4:      minmay_recursive_quarters, layout_rooms,
          eat_drink_and_be_merry_uskayaw, mainiacjoe_overflow_surrounded_room,
          mainiacjoe_overflow_catwalk, minmay_goblin_kobold_house

Notes
Turn   | Place    | Note
-------+----------+-------------------------------------------
     0 | D:1      | Reached skill level 10 in Unarmed Combat
     0 | D:1      | sanka the Gnoll Wanderer began the quest for the Orb.
     0 | D:1      | sanka set off with the following items: a +0 dagger, a
                  | potion of heal wounds {@q2}, a potion of attraction {!q}, a
                  | potion of curing {@q1}, a +0 robe, a scroll of fear
     0 | D:1      | Reached XP level 1. HP: 20/20 MP: 1/1
   453 | D:1      | Reached XP level 2. HP: 23/26 MP: 2/2
  1461 | D:2      | Reached XP level 3. HP: 29/31 MP: 3/3
  1901 | D:3      | Reached skill level 1 in Invocations
  1964 | D:3      | Found an opulent altar of Gozag.
  2092 | D:3      | Reached skill level 1 in Short Blades
  2092 | D:3      | Reached skill level 1 in Long Blades
  2092 | D:3      | Reached skill level 1 in Axes
  2092 | D:3      | Reached skill level 1 in Maces & Flails
  2092 | D:3      | Reached skill level 1 in Polearms
  2092 | D:3      | Reached skill level 1 in Staves
  2092 | D:3      | Reached skill level 1 in Slings
  2092 | D:3      | Reached skill level 1 in Bows
  2092 | D:3      | Reached skill level 1 in Crossbows
  2092 | D:3      | Reached skill level 1 in Armour
  2092 | D:3      | Reached skill level 1 in Dodging
  2092 | D:3      | Reached skill level 1 in Stealth
  2092 | D:3      | Reached skill level 1 in Shields
  2092 | D:3      | Reached skill level 1 in Spellcasting
  2115 | D:3      | Reached XP level 4. HP: 24/38 MP: 5/5
  2572 | D:4      | Found a white marble altar of Elyvilon.
  2685 | D:4      | Found a shadowy altar of Dithmenos.
  2835 | D:4      | Learned a level 2 spell: Wereblood
  2839 | D:4      | Learned a level 3 spell: Ozocubu's Armour
  3068 | D:4      | Reached skill level 1 in Conjurations
  3068 | D:4      | Reached skill level 1 in Hexes
  3068 | D:4      | Reached skill level 1 in Summonings
  3068 | D:4      | Reached skill level 1 in Necromancy
  3068 | D:4      | Reached skill level 1 in Translocations
  3068 | D:4      | Reached skill level 1 in Transmutations
  3068 | D:4      | Reached skill level 1 in Fire Magic
  3068 | D:4      | Reached skill level 1 in Ice Magic
  3068 | D:4      | Reached skill level 1 in Air Magic
  3068 | D:4      | Reached skill level 1 in Earth Magic
  3068 | D:4      | Reached skill level 1 in Poison Magic
  3094 | D:4      | Found a hide-covered altar of Uskayaw.
  3256 | D:4      | Noticed a black bear
  3256 | D:4      | Noticed a scorpion
  3256 | D:4      | Noticed a phantom
  3270 | D:4      | Slain by a phantom

Vanquished Creatures
  3 adders
  2 worms
  8 orcs
  5 bats
  7 endoplasms
  A giant cockroach (D:1)
  3 goblins
  11 hobgoblins
  A quokka (D:1)
  3 ball pythons
  2 frilled lizards (D:2)
  2 kobolds (D:3)
  A rat (D:1)
49 creatures vanquished.
